 Dungeon Crawl Stone Soup version 0.17.2-1-ge4368a0 (webtiles) character file.

24 rlgrobin the Insei (level 2, -3/24 HPs)
             Began as a Mummy Monk on Apr 19, 2017.
             Slain by a kobold
             ... wielding a +0 short sword
              (5 damage)
             ... on level 2 of the Dungeon.
             The game lasted 00:01:12 (1263 turns).

rlgrobin the Insei (Mummy Monk)                     Turns: 1263, Time: 00:01:12

Health: -3/24      AC:  1    Str: 14    XL:     2   Next: 79%
Magic:  2/2        EV: 13    Int:  9    God:
Gold:   82         SH:  0    Dex: 14    Spells: 0 memorised, 1 level left

rFire  x . .     SeeInvis .       - Unarmed
rCold  + . .     Clarity  .     (no armour)
rNeg   + + +     SustAt   .     (no shield)
rPois  ∞         Gourm    .     (no helmet)
rElec  .         Spirit   .     e - +0 cloak
rCorr  .         Warding  .     (no gloves)
rMut   .         Stasis   .     (no boots)
MR     .....                    (no amulet)
Stlth  ++........               (no ring)
                                (no ring)

@: not resistant to hostile enchantments, unstealthy
A: no food or potions, fire vulnerability, cold resistance 1, negative energy
resistance 3, torment resistance, unbreathing
a: no special abilities


You were on level 2 of the Dungeon.
You were not hungry.

You visited 1 branch of the dungeon, and saw 2 of its levels.

You collected 82 gold pieces.


Innate Abilities, Weirdness & Mutations

You do not eat or drink.
Your flesh is vulnerable to fire.
You are immune to poison.
Your flesh is cold resistant.
You are immune to negative energy.
You are immune to unholy pain and torment.
You can survive without breathing.


   Skills:
 - Level 3.0 Fighting
 - Level 2.4 Dodging
 - Level 1.5 Stealth
 + Level 4.0 Unarmed Combat


You had one spell level left.
You didn't know any spells.

Inventory:

Armour
 e - a +0 cloak (worn)
Scrolls
 a - a scroll of magic mapping {unknown}
 b - 3 scrolls of remove curse
 c - 2 scrolls of enchant weapon {unknown}
 d - a scroll of fear {unknown}
 f - 4 scrolls of identify {unknown}
 g - a scroll of teleportation {unknown}
 h - a scroll of fog {unknown}

Dungeon Overview and Level Annotations

Branches:
Dungeon (2/15)

Altars:
Ashenzari
Cheibriados
Nemelex Xobeh

..
▒▒...▒▒..........▒
..
▒▒..▒▒<▒▒▒▒▒▒▒▒.▒
▒..▒...........▒
......▒▒▒▒▒▒▒▒.▒
.▒..▒▒.....†.▒▒.▒
.....▒▒▒▒.▒▒▒<▒▒.▒
.. ........▒
▒....▒
...▒▒▒▒.▒▒▒..▒▒▒
▒........gM..▒
...▒▒▒▒▒▒K.▒.▒
▒..▒.▒ ▒..▒.▒
....▒. ....▒▒▒
▒▒▒▒.. ▒.▒ ...


You could see a hobgoblin and a kobold.


Message History

You annihilate the jackal!!!
The jackal bites you! * * * don't die
* * * You take 2 damage, and have 6/24 hp!
You barely miss the jackal!
The jackal is heavily wounded!
The jackal misses you!
You closely miss the jackal!
The jackal is heavily wounded!
The jackal bites you but does no damage!
You squash the jackal like an ant!
The jackal is almost dead!
The jackal bites you! * * * don't die
* * * You take 1 damage, and have 5/24 hp!
You barely miss the jackal!
The jackal is almost dead!
The jackal bites you! * * * don't die
* * * The jackal bites you! * * * don't die
* * * You take 3 damage, and have 2/24 hp!
You beat the jackal into a bloody pulp!
You annihilate the jackal!!!
The hobgoblin closely misses you!
A kobold comes into view! It is wielding a short sword!
The kobold shouts!!!
The kobold barely misses you!
The kobold hits you with a short sword! rip

Action                   || total
-------------------------++-------
Melee: Unarmed           ||    87
  Use: Scroll            ||     1
 Stab: Sleeping          ||     4

Vault maps used:
D:1:      grunt_arrival_lava_bath
D:2:      nicolae_overflow_crystal_walls, grunt_temple_overflow_open

Notes
Turn   | Place    | Note
--------------------------------------------------------------
     0 | D:1      | rlgrobin the Mummy Monk began the quest for the Orb.
     0 | D:1      | Reached XP level 1. HP: 18/18 MP: 1/1
   777 | D:2      | Found a sparkling altar of Nemelex Xobeh.
   778 | D:2      | Found a shattered altar of Ashenzari.
   791 | D:2      | Reached XP level 2. HP: 18/24 MP: 2/2
  1066 | D:2      | Found a snail-covered altar of Cheibriados.
  1244 | D:2      | Reached skill level 4 in Unarmed Combat
  1254 | D:2      | HP: 2/24 [jackal (1)]
  1263 | D:2      | Slain by a kobold

Vanquished Creatures
  An ooze (D:2)
  3 goblins
  A hobgoblin (D:2)
  4 jackals (D:2)
  A quokka (D:2)
  A bat (D:1)
  4 giant cockroaches
  A giant newt (D:2)
  A kobold (D:2)
  3 rats (D:1)
20 creatures vanquished.
